 Dungeon Crawl Stone Soup version 0.31-a0-237-g2d982f9f85 (webtiles) character file.

Game seed: 9033036725187829426

619 qw the Shooter (level 7, -2/44 HPs)
             Began as a Gargoyle Hexslinger on July 11, 2023.
             Slain by a lemure (6 damage)
             ... led by Pikel
             ... on level 4 of the Dungeon.
             The game lasted 00:01:25 (3106 turns).

qw the Shooter (Gargoyle Hexslinger)                Turns: 3106, Time: 00:01:26

Health: -2/44      AC: 10    Str: 11    XL:     7   Next: 46%
Magic:  0/9        EV: 11    Int: 14    God:
Gold:   164        SH:  0    Dex: 22    Spells: 7/8 levels left

rFire   + . .        Y - +3 sling
rCold   + + .        (no shield)
rNeg    + . .        n - +0 ring mail
rPois   inf          (no helmet)
rElec   +            m - scarf {rC+ rF+}
rCorr   .            (no gloves)
SInv    .            (no boots)
Will    .....        a - amulet of guardian spirit
Stlth   ++           i - ring of protection from cold
HPRegen 0.27/turn    j - +6 ring of dexterity
MPRegen 0.11/turn

%: random rage (3%), guardian spirit
@: about to teleport
A: sickness immunity, AC +4, negative energy resistance 1, electricity
resistance, torment resistance 1, petrification resistance, thin skeletal
structure 1, berserk 1, high MP 1, MP-powered wands
a: no special abilities


You were on level 4 of the Dungeon.
You visited 1 branch of the dungeon, and saw 4 of its levels.

You collected 164 gold pieces.


Innate Abilities, Weirdness & Mutations

You are immune to sickness and miasma.
Your stone body is resilient. (AC +4)
You are immune to poison.
You resist negative energy. (rN+)
You are resistant to electric shocks. (rElec)
You are resistant to unholy torment.
You are immune to petrification.
You have a somewhat thin skeletal structure. (Dex +2, Stealth+)
You sometimes lose your temper in combat.
You have an increased reservoir of magic. (+10% MP)
You expend magic power (3 MP) to strengthen your wands.


   Skills:
 - Level 5.2 Fighting
 + Level 6.1 Ranged Weapons
 - Level 1.9 Armour
 - Level 1.5 Dodging
 - Level 1.0 Spellcasting
 - Level 2.6 Hexes


You had 7 spell levels left.
You knew the following spells:

 Your Spells              Type           Power      Damage    Failure   Level
a - Slow                  Hex            32%        N/A       21%         1

Your spell library contained the following spells:

 Spells                   Type           Power      Damage    Failure   Level
 Inner Flame              Hex/Fire       4%         N/A       71%         3
 Portal Projectile        Hex/Tloc       8%         N/A       71%         3
 Cause Fear               Hex            4%         N/A       90%         4

Inventory:

Hand Weapons
 Y - a +3 sling (weapon)
Armour
 b - a +0 pair of boots
 m - a scarf of resistance (worn)
 n - a +0 ring mail (worn)
Jewellery
 a - an amulet of guardian spirit (around neck)
 f - a ring of fire
 i - a ring of protection from cold (left hand)
 j - a +6 ring of dexterity (right hand)
 l - a +6 ring of strength
Scrolls
 c - 2 scrolls of teleportation
Potions
 d - a potion of enlightenment {unknown}
 e - a potion of lignification {unknown}
 g - 2 potions of curing

Dungeon Overview and Level Annotations

Branches:
Dungeon (4/15)
 Temple: D:4-7

Altars:

Annotations:
D:2 1 runed translucent door, Crazy Yiuf, Jessica
D:4 Pikel


Message History

Pikel is severely wounded.
The lemure hits you but does no damage. The lemure closely misses you.
The lemure barely misses you.
You shoot a sling bullet. The sling bullet closely misses Pikel.
Pikel hits you with a +1 whip of electrocution.
The lemure hits you. x2
You shoot a sling bullet.
The sling bullet hits Pikel but does no damage.
Pikel is severely wounded.
Pikel hits you but does no damage. The lemure closely misses you.
The lemure barely misses you.
You shoot a sling bullet. The sling bullet hits Pikel.
Pikel is severely wounded.
Pikel says, "You'll make a fine lemure."
Pikel hits you with a +1 whip of electrocution.
The lemure barely misses you. The lemure hits you.
You shoot a sling bullet. The sling bullet hits Pikel.
Pikel is severely wounded.
Pikel hits you with a +1 whip of electrocution.
The lemure completely misses you. The lemure closely misses you.
You shoot a sling bullet. The sling bullet closely misses Pikel.
Pikel hits you but does no damage. The lemure hits you but does no damage.
The lemure misses you. The lemure closely misses you.
The lemure barely misses you. Pikel barely misses you.
You shoot a sling bullet. The sling bullet closely misses Pikel.
Pikel hits you with a +1 whip of electrocution.
The lemure hits you but does no damage. The lemure hits you.
3104 ||| READING 3 scrolls of teleportation.
As you read the scroll of teleportation, it crumbles to dust.
You feel strangely unstable. Pikel hits you but does no damage.
The lemure barely misses you. The lemure completely misses you.
You shoot a sling bullet. The sling bullet hits Pikel.
Pikel is severely wounded.
Pikel hits you with a +1 whip of electrocution!
The lemure hits you but does no damage. The lemure barely misses you.
You shoot a sling bullet. The sling bullet barely misses Pikel.
Pikel says, "You'll make a fine lemure."
Pikel barely misses you. The lemure hits you!
You die...

.).# ...## ....#
..8.###############
#..................
#..........########
......####.....####
.........#####..K5#.###.
.#.#####.....##.@55K....
......#####.....######..
#..##...###.#.###
#.#####..#..#... #.#
##...####... #.#
#........##.# #.#
#..#......# #
#.###..##......# ......#
#......#


You could see Pikel, 3 lemures and a kobold.

Vanquished Creatures
  Sigmund (D:2)
  An ogre (D:4)
  2 scorpions (D:4)
  A centaur zombie (D:4)
  An orc priest (D:3)
  A jelly (D:4)
  A hound zombie (D:4)
  An adder (D:4)
  4 gnolls (D:2)
  A white imp (D:4)
  2 worms (D:2)
  A dart slug (D:1)
  10 orcs (D:3)
  15 endoplasms
  3 giant cockroaches
  2 goblins
  9 hobgoblins
  5 quokkas
  5 ball pythons
  8 kobolds
  4 rats (D:1)
78 creatures vanquished.

Notes
Turn   | Place    | Note
-------+----------+-------------------------------------------
     0 | D:1      | qw the Gargoyle Hexslinger began the quest for the Orb.
     0 | D:1      | Reached XP level 1. HP: 12/12 MP: 2/2
     0 | D:1      | 0 ||| qw: Version: 0.3-a-52-g30416fa
     0 | D:1      | 0 ||| qw: Game counter: 5412
     0 | D:1      | 0 ||| qw: Melee chars always use a shield: true
     0 | D:1      | 0 ||| qw: God list: Okawaru
     0 | D:1      | 0 ||| qw: Allow faded altars: false
     0 | D:1      | 0 ||| qw: Do Orc after clearing Dungeon:15 true
     0 | D:1      | 0 ||| qw: Do second Lair branch before Depths: true
     0 | D:1      | 0 ||| qw: Lair rune preference: random
     0 | D:1      | 0 ||| qw: Goals: Normal
     0 | D:1      | 0 ||| PLANNING D:1-11
   129 | D:1      | Reached XP level 2. HP: 16/16 MP: 3/3
   327 | D:1      | Reached skill level 3 in Ranged Weapons
   686 | D:1      | 686 ||| UPGRADING to +6 ring of strength.
   687 | D:1      | 687 ||| UPGRADING to +6 ring of dexterity.
   688 | D:1      | 688 ||| READING scroll labelled WIM TIRGHAEVATO.
   689 | D:1      | 689 ||| READING scroll labelled GISHRU BENUR.
   690 | D:1      | 690 ||| READING 2 scrolls labelled SUXTEDE YVAH.
   691 | D:1      | 691 ||| DRINKING 4 pink potions.
   692 | D:1      | 692 ||| DROPPING scroll of poison.
   693 | D:1      | 693 ||| DROPPING scroll of noise.
   765 | D:2      | Noticed Sigmund
   778 | D:2      | 778 ||| DRINKING 3 potions of curing.
   778 | D:2      | 778 ||| (to cure confusion)
   779 | D:2      | Killed Sigmund
   780 | D:2      | Reached XP level 3. HP: 26/26 MP: 4/4
   780 | D:2      | Reached XP level 4. HP: 31/31 MP: 5/5
   780 | D:2      | Reached XP level 5. HP: 35/35 MP: 6/6
  1044 | D:2      | HP: 6/35 [gnoll/+0 spear (6)]
  1047 | D:2      | Reached XP level 6. HP: 7/40 MP: 7/7
  1225 | D:2      | 1225 ||| READING scroll of enchant weapon.
  1225 | D:2      | 1225 ||| ENCHANTING +2 sling.
  1401 | D:2      | Noticed Jessica
  1770 | D:2      | Found a runed translucent door.
  1771 | D:2      | Noticed Crazy Yiuf
  1774 | D:2      | 1774 ||| UPGRADING to +0 leather armour.
  1784 | D:2      | 1784 ||| DROPPING +0 robe.
  1785 | D:2      | 1785 ||| UPGRADING to scarf of resistance.
  1790 | D:2      | 1790 ||| READING scroll labelled NAEMPOCONE.
  1791 | D:2      | 1791 ||| READING scroll labelled ILOMEG QEURUA.
  1854 | D:2      | 1854 ||| READING 2 scrolls labelled IMEOTA SEATH.
  1855 | D:2      | 1855 ||| DROPPING scroll of blinking.
  2110 | D:3      | Reached skill level 4 in Ranged Weapons
  2174 | D:3      | 2174 ||| FLEEEEING.
  2175 | D:3      | 2175 ||| FLEEEEING.
  2176 | D:3      | 2176 ||| FLEEEEING.
  2177 | D:3      | 2177 ||| FLEEEEING.
  2180 | D:3      | 2180 ||| FLEEEEING.
  2181 | D:3      | 2181 ||| FLEEEEING.
  2182 | D:3      | 2182 ||| FLEEEEING.
  2183 | D:3      | 2183 ||| FLEEEEING.
  2184 | D:3      | 2184 ||| FLEEEEING.
  2185 | D:3      | 2185 ||| FLEEEEING.
  2186 | D:3      | 2186 ||| FLEEEEING.
  2187 | D:3      | 2187 ||| FLEEEEING.
  2188 | D:3      | 2188 ||| FLEEEEING.
  2189 | D:3      | 2189 ||| FLEEEEING.
  2190 | D:3      | 2190 ||| FLEEEEING.
  2191 | D:3      | 2191 ||| FLEEEEING.
  2192 | D:3      | 2192 ||| FLEEEEING.
  2193 | D:3      | 2193 ||| FLEEEEING.
  2194 | D:3      | 2194 ||| FLEEEEING.
  2195 | D:3      | 2195 ||| FLEEEEING.
  2196 | D:3      | 2196 ||| FLEEEEING.
  2197 | D:3      | 2197 ||| FLEEEEING.
  2199 | D:3      | 2199 ||| FLEEEEING.
  2200 | D:3      | 2200 ||| FLEEEEING.
  2201 | D:3      | 2201 ||| FLEEEEING.
  2202 | D:3      | 2202 ||| FLEEEEING.
  2203 | D:3      | 2203 ||| FLEEEEING.
  2204 | D:3      | 2204 ||| FLEEEEING.
  2205 | D:3      | 2205 ||| FLEEEEING.
  2206 | D:3      | 2206 ||| FLEEEEING.
  2207 | D:3      | 2207 ||| FLEEEEING.
  2208 | D:3      | 2208 ||| FLEEEEING.
  2209 | D:3      | 2209 ||| FLEEEEING.
  2210 | D:3      | 2210 ||| FLEEEEING.
  2211 | D:3      | 2211 ||| FLEEEEING.
  2212 | D:3      | 2212 ||| FLEEEEING.
  2213 | D:3      | 2213 ||| FLEEEEING.
  2214 | D:3      | 2214 ||| FLEEEEING.
  2215 | D:3      | 2215 ||| FLEEEEING.
  2216 | D:3      | 2216 ||| FLEEEEING.
  2217 | D:3      | 2217 ||| FLEEEEING.
  2220 | D:3      | 2220 ||| FLEEEEING.
  2221 | D:3      | 2221 ||| FLEEEEING.
  2222 | D:3      | 2222 ||| FLEEEEING.
  2223 | D:3      | 2223 ||| FLEEEEING.
  2224 | D:3      | 2224 ||| FLEEEEING.
  2225 | D:3      | 2225 ||| FLEEEEING.
  2230 | D:3      | 2230 ||| FLEEEEING.
  2231 | D:3      | 2231 ||| FLEEEEING.
  2232 | D:3      | 2232 ||| FLEEEEING.
  2235 | D:3      | 2235 ||| FLEEEEING.
  2236 | D:3      | 2236 ||| FLEEEEING.
  2251 | D:3      | 2251 ||| FLEEEEING.
  2252 | D:3      | 2252 ||| FLEEEEING.
  2255 | D:3      | 2255 ||| FLEEEEING.
  2256 | D:3      | 2256 ||| FLEEEEING.
  2258 | D:3      | 2258 ||| FLEEEEING.
  2259 | D:3      | 2259 ||| FLEEEEING.
  2260 | D:3      | 2260 ||| FLEEEEING.
  2261 | D:3      | 2261 ||| FLEEEEING.
  2262 | D:3      | 2262 ||| FLEEEEING.
  2619 | D:3      | 2619 ||| UPGRADING to +0 ring mail.
  2629 | D:3      | 2629 ||| DROPPING +0 leather armour.
  2630 | D:3      | 2630 ||| UPGRADING to amulet of guardian spirit.
  2635 | D:3      | 2635 ||| UPGRADING to ring of protection from cold.
  2637 | D:3      | 2637 ||| READING scroll labelled TUZEIM ETOGOAM.
  2638 | D:3      | 2638 ||| READING 2 scrolls labelled YTODUD ZA LOUF.
  2639 | D:3      | 2639 ||| DRINKING 3 bubbling puce potions.
  2639 | D:3      | Gained mutation: You are covered in fur. (AC +1) [potion of
                  | mutation]
  2639 | D:3      | Gained mutation: You occasionally lose the ability to drink
                  | potions when taking damage. [potion of mutation]
  2639 | D:3      | Gained mutation: Your flesh is heat resistant. (rF+)
                  | [potion of mutation]
  2640 | D:3      | 2640 ||| DRINKING 2 potions of mutation.
  2640 | D:3      | Lost mutation: You occasionally lose the ability to drink
                  | potions when taking damage. [potion of mutation]
  2640 | D:3      | Lost mutation: Your flesh is heat resistant. (rF+) [potion
                  | of mutation]
  2640 | D:3      | Gained mutation: You sometimes lose your temper in combat.
                  | [potion of mutation]
  2640 | D:3      | Gained mutation: You are clumsy. (Dex -2) [potion of
                  | mutation]
  2640 | D:3      | Gained mutation: You occasionally lose the ability to drink
                  | potions when taking damage. [potion of mutation]
  2641 | D:3      | 2641 ||| DRINKING potion of mutation.
  2641 | D:3      | Lost mutation: You occasionally lose the ability to drink
                  | potions when taking damage. [potion of mutation]
  2641 | D:3      | Lost mutation: You are clumsy. (Dex -2) [potion of
                  | mutation]
  2641 | D:3      | Lost mutation: You are covered in fur. (AC +1) [potion of
                  | mutation]
  2641 | D:3      | Gained mutation: You expend magic power (3 MP) to
                  | strengthen your wands. [potion of mutation]
  2641 | D:3      | Gained mutation: You have a somewhat thin skeletal
                  | structure. (Dex +2, Stealth+) [potion of mutation]
  2641 | D:3      | Gained mutation: You have an increased reservoir of magic.
                  | (+10% MP) [potion of mutation]
  2651 | D:3      | 2651 ||| DRINKING 2 clear potions.
  2652 | D:3      | 2652 ||| DROPPING potion of attraction.
  2653 | D:3      | 2653 ||| DROPPING scroll of immolation.
  2685 | D:4      | Reached skill level 1 in Armour
  2703 | D:4      | Reached skill level 5 in Ranged Weapons
  2703 | D:4      | Reached XP level 7. HP: 24/44 MP: 4/9
  2980 | D:4      | Reached skill level 6 in Ranged Weapons
  3086 | D:4      | Noticed Pikel
  3103 | D:4      | HP: 10/44 [Pikel/+1 whip of electrocution (5)]
  3104 | D:4      | 3104 ||| READING 3 scrolls of teleportation.
  3105 | D:4      | HP: 4/44 [Pikel/+1 whip of electrocution (5)]
  3106 | D:4      | Slain by a lemure

Levels and vault maps discovered:
D:1:      amcnicky_arrival_blooded_trapdoor, layout_basic
D:2:      layout_basic, kennysheep_generic_room_10, uniq_jessica, uniq_sigmund,
          uniq_crazy_yiuf_cottage
D:3:      cheibrodos_pilgrimage, layout_basic
D:4:      layout_rooms, serial_undead, serial_undead_c, serial_undead_a,
          serial_undead_a, serial_undead_a, grunt_ministairs_4,
          hangedman_decor_riveting, kennysheep_small_circle, uniq_pikel

Skill      XL: |  1  2  3  4  5  6  7 |
---------------+----------------------+-----
Ranged Weapons | 3 5 6 |  6.1
Fighting       | 5 |  5.2
Armour         | 1 |  1.9
Dodging        | |  1.5
Spellcasting   | |  1.0
Hexes          | |  2.6

Action                     |  1- 3 |  4- 6 |  7- 9 || total
---------------------------+-------+-------+-------++-------
   Fire: Sling             |    66 |   117 |    79 ||   262
    Use: Scroll            |     3 |     6 |     1 ||    10
         Potion            |     2 |     4 |       ||     6
 Armour: Robe              |     9 |     2 |       ||    11
         Ring mail         |       |     4 |    36 ||    40
         Leather armour    |       |     3 |       ||     3
  Dodge: Dodged            |    14 |    22 |    56 ||    92

Table legend:
 A = Non-vault XP
 B = Vault XP
 C = Vault XP percentage of total XP
 D = Non-vault monster count
 E = Vault monster count
 F = Vault count percentage of total count
                 A         B        C        D         E       F
            +---------+---------+-------+---------+---------+-------
      Total |     438 |     447 |  50.5 |      65 |      13 |  16.7
            +---------+---------+-------+---------+---------+-------
        D:1 |      32 |       0 |   0.0 |      18 |       0 |   0.0
        D:2 |      83 |     228 |  73.3 |      15 |       2 |  11.8
        D:3 |      34 |      62 |  64.6 |      16 |       7 |  30.4
        D:4 |     289 |     157 |  35.2 |      16 |       4 |  20.0
            +---------+---------+-------+---------+---------+-------
